 Dungeon Crawl Stone Soup version 0.31-a0-177-g4aa6249778 (webtiles) character file.

Game seed: 10095283972177073584

314 qw the Chopper (level 6, -2/38 HPs)
             Began as a Gargoyle Fighter on June 18, 2023.
             Was an Initiate of Okawaru.
             Slain by a gnoll
             ... wielding a +0 spear
              (7 damage)
             ... on level 4 of the Dungeon.
             The game lasted 00:01:46 (3033 turns).

qw the Chopper (Gargoyle Fighter)                   Turns: 3033, Time: 00:01:47

Health: -2/38      AC: 18    Str: 22    XL:     6   Next: 43%
Magic:  6/6        EV:  8    Int:  8    God:    Okawaru [......]
Gold:   208        SH:  4    Dex:  9    Spells: 5/5 levels left

rFire   . . .        Y - +0 war axe
rCold   + . .        c - +0 buckler
rNeg    + . .        i - +0 chain mail
rPois   inf          (no helmet)
rElec   +            (no cloak)
rCorr   .            f - +0 pair of gloves
SInv    .            (no boots)
Will    .....        b - amulet of faith Stlth
                     n - +4 ring of protection
HPRegen 0.26/turn    e - ring of protection from cold
MPRegen 0.10/turn

%: faith
@: no status effects
A: sickness immunity, AC +4, negative energy resistance 1, electricity
resistance, torment resistance 1, petrification resistance, screaming 1
a: Renounce Religion


You were on level 4 of the Dungeon.
You worshipped Okawaru.
Okawaru was noncommittal.
You visited 1 branch of the dungeon, and saw 4 of its levels.
You visited the Abyss 1 time.

You collected 233 gold pieces.
You spent 25 gold pieces at shops.


Innate Abilities, Weirdness & Mutations

You are immune to sickness and miasma.
Your stone body is resilient. (AC +4)
You are immune to poison.
You resist negative energy. (rN+)
You are resistant to electric shocks. (rElec)
You are resistant to unholy torment.
You are immune to petrification.
You occasionally shout uncontrollably at your foes.


   Skills:
 + Level 3.6 Fighting
 - Level 5.8 Axes
 - Level 3.2 Armour
 - Level 3.2 Shields


You had 5 spell levels left.
You didn't know any spells.
Your spell library was empty.

Inventory:

Hand Weapons
 k - a +1 morningstar of venom
 Y - a +0 war axe (weapon)
Armour
 c - a +0 buckler (worn)
 f - a +0 pair of gloves (worn)
 i - a +0 chain mail (worn)
Jewellery
 b - an amulet of faith (around neck)
 e - a ring of protection from cold (right hand)
 n - a +4 ring of protection (left hand)
Scrolls
 a - 3 scrolls of identify
Potions
 d - a potion of might
 g - a potion of enlightenment

Dungeon Overview and Level Annotations

Branches:
Dungeon (4/15)
 Temple: D:4-7

Altars:
Dithmenos
Okawaru
Trog
Wu Jian

Shops:
D:1 *   D:4 :

Annotations:
D:3 exclusion: orc


Message History

Your enlightenment fades.
The gnoll hits you with a +0 whip.
The gnoll hits you from afar with a +0 halberd.
The gnoll closely misses you.
The kobold hits you with a +0 short sword.
The gnoll barely misses you. The gnoll hits you but does no damage.
The kobold hits you but does no damage.
The gnoll hits you from afar with a +0 halberd!
You barely miss the gnoll.
The gnoll is severely wounded.
You completely miss the kobold. You slash the gnoll!
The gnoll hits you but does no damage. The gnoll barely misses you.
The gnoll closely misses you. The kobold barely misses you.
You closely miss the gnoll.
The gnoll is severely wounded.
You barely miss the kobold. You barely miss the gnoll.
You block the gnoll's attack. The gnoll barely misses you.
The kobold hits you but does no damage. The gnoll barely misses you.
You barely miss the gnoll.
The gnoll is severely wounded.
You hit the gnoll but do no damage. You hit the kobold.
The gnoll hits you but does no damage.
The kobold hits you with a +0 short sword.
The gnoll hits you but does no damage. x2
You hit the gnoll but do no damage.
The gnoll is severely wounded.
You barely miss the kobold. You barely miss the gnoll.
The gnoll hits you but does no damage. x2
The kobold hits you but does no damage. The gnoll hits you but does no damage.
You hit the gnoll but do no damage.
The gnoll is severely wounded.
You hit the kobold.
You kill the kobold!
Okawaru accepts your kill.
You hit the gnoll. The gnoll closely misses you.
The gnoll hits you but does no damage. The gnoll barely misses you.
The gnoll hits you from afar with a +0 halberd.
The gnoll hits you but does no damage. The gnoll hits you with a +0 spear!
You die...

.#.....# .##...##
######
###...#######....##
..#...............#
..#....<..........#
..+...............#
..................#
.#######.###.##..##
.#.....#..#####.@#
.#.\.>.#..... #)gg...#
.#.....#..... #..g...#
.#######.... #......#
........... #.>....#
.##....##+#####.....##
.##....##....##.....#
.......)......#......
###....).....##


You could see 3 gnolls.

Vanquished Creatures
  A neqoxec (Abyss:1)
  4 adders
  6 gnolls (D:2)
  6 orcs
  7 ball pythons
  6 endoplasms
  4 giant cockroaches
  8 goblins
  6 hobgoblins
  8 jackals
  2 quokkas
  7 bats
  2 frilled lizards (D:1)
  10 kobolds
  5 rats
82 creatures vanquished.

Notes
Turn   | Place    | Note
-------+----------+-------------------------------------------
     0 | D:1      | qw the Gargoyle Fighter began the quest for the Orb.
     0 | D:1      | Reached XP level 1. HP: 14/14 MP: 1/1
     0 | D:1      | 0 ||| qw: Version: 0.3-a-7-ge0c9b40
     0 | D:1      | 0 ||| qw: Game counter: 835
     0 | D:1      | 0 ||| qw: Always use a shield: true
     0 | D:1      | 0 ||| qw: God list: Okawaru
     0 | D:1      | 0 ||| qw: Allow faded altars: false
     0 | D:1      | 0 ||| qw: Do Orc after D:15 true
     0 | D:1      | 0 ||| qw: Do second Lair branch before Depths: true
     0 | D:1      | 0 ||| qw: Lair rune preference: random
     0 | D:1      | 0 ||| qw: Plans: Normal, Zot:1-4, Slime:5, God:TSO, Crypt,
                  | Tomb, Abyss, Pan, Hells, Win
     0 | D:1      | 0 ||| PLANNING D:1-11
     6 | D:1      | Noticed a salamander
     6 | D:1      | Noticed a wolf
     6 | D:1      | Noticed a polar bear
     7 | D:1      | Noticed a wyvern
    58 | D:1      | Reached skill level 2 in Axes
   132 | D:1      | Reached XP level 2. HP: 19/19 MP: 2/2
   392 | D:1      | 392 ||| DROPPING +0 club.
   430 | D:1      | 430 ||| FLEEEEING.
   431 | D:1      | 431 ||| FLEEEEING.
   432 | D:1      | 432 ||| FLEEEEING.
   480 | D:1      | Reached skill level 3 in Axes
   485 | D:1      | 485 ||| DROPPING +0 whip.
   512 | D:1      | Found Cuqimeff's Assorted Antiques.
   525 | D:1      | Reached XP level 3. HP: 23/23 MP: 3/3
   530 | D:1      | 530 ||| BUYING metallic purple potion (25 gold).
   530 | D:1      | Bought a metallic purple potion for 25 gold pieces
   530 | D:1      | 530 ||| SHOPLISTING runed scale mail (196 gold, have 21).
   530 | D:1      | 530 ||| SHOPLISTING scroll labelled JIN WUTWOIBLIPPO (28
                  | gold, have 21).
   530 | D:1      | 530 ||| SHOPLISTING scroll labelled YXZUTAS ALUEMM (28
                  | gold, have 21).
   875 | D:1      | 875 ||| READING 3 scrolls labelled MOUN HETHRICAP.
   876 | D:1      | 876 ||| READING scroll labelled BAYFIY GIMUBI.
   877 | D:1      | 877 ||| READING 2 scrolls of identify.
   877 | D:1      | 877 ||| IDENTIFYING metallic purple potion
   878 | D:1      | 878 ||| DROPPING potion of degeneration.
   932 | D:2      | 932 ||| STAIRDANCE
   974 | D:2      | 974 ||| STAIRDANCE
  1061 | D:2      | Reached XP level 4. HP: 12/28 MP: 4/4
  1120 | D:2      | Reached skill level 4 in Axes
  1145 | D:2      | 1145 ||| DROPPING +0 mace.
  1231 | D:2      | HP: 7/28 [gnoll/+0 whip (4)]
  1234 | D:2      | Reached XP level 5. HP: 9/32 MP: 5/5
  1829 | D:2      | 1829 ||| UPGRADING to +0 pair of gloves.
  1834 | D:2      | 1834 ||| UPGRADING to +0 chain mail.
  1844 | D:2      | 1844 ||| DROPPING +0 scale mail.
  1845 | D:2      | 1845 ||| DROPPING ring of flight.
  1846 | D:2      | 1846 ||| UPGRADING to +4 ring of protection.
  1847 | D:2      | 1847 ||| READING scroll labelled YXZUTAS ALUEMM.
  1848 | D:2      | 1848 ||| READING scroll labelled HINOWIONLOTEOT.
  1849 | D:2      | 1849 ||| READING scroll labelled KINIAME ZEDOPS.
  1850 | D:2      | 1850 ||| READING scroll labelled KUIWNA CADEERCH.
  1854 | D:2      | 1854 ||| READING 4 scrolls of identify.
  1854 | D:2      | 1854 ||| IDENTIFYING lumpy yellow potion
  1855 | D:2      | 1855 ||| DROPPING potion of invisibility.
  1983 | D:3      | Found an ornate altar of the Wu Jian Council.
  2013 | D:3      | 2013 ||| UPGRADING to amulet of faith.
  2015 | Abyss:1  | Cast into level 1 of the Abyss (orc)
  2031 | Abyss:1  | Noticed a neqoxec
  2034 | Abyss:1  | Gained mutation: You occasionally shout uncontrollably at
                  | your foes. [a neqoxec]
  2048 | Abyss:1  | Killed a neqoxec
  2049 | Abyss:1  | Reached skill level 5 in Axes
  2049 | Abyss:1  | Reached XP level 6. HP: 16/37 MP: 6/6
  2056 | Abyss:1  | Noticed an ancient zyme
  2057 | D:3      | Escaped the Abyss
  2062 | D:3      | HP: 3/37 [orc/+1 trident of distortion (9)]
  2261 | D:3      | 2261 ||| Stepping ~*~*~tactically~*~*~ (stealth).
  2365 | D:3      | 2365 ||| UPGRADING to ring of protection from cold.
  2952 | D:4      | Found Qeluifezal's Book Boutique.
  2966 | D:4      | Found a shadowy altar of Dithmenos.
  2969 | D:4      | 2969 ||| DROPPING +0 flail.
  2972 | D:4      | Found a bloodstained altar of Trog.
  2972 | D:4      | Found an iron altar of Okawaru.
  2973 | D:4      | 2973 ||| PLANNING OKAWARU WORSHIP
  2973 | D:4      | 2973 ||| DRINKING 2 dark potions.
  2974 | D:4      | 2974 ||| READING 4 scrolls of identify.
  2974 | D:4      | 2974 ||| IDENTIFYING golden potion
  2975 | D:4      | 2975 ||| DROPPING potion of berserk rage.
  2982 | D:4      | Became a worshipper of Warmaster Okawaru
  2983 | D:4      | 2983 ||| PLANNING D:1-11
  3018 | D:4      | 3018 ||| Stepping ~*~*~tactically~*~*~ (hiding).
  3028 | D:4      | HP: 9/38 [gnoll/+0 halberd (12)]
  3033 | D:4      | HP: 5/38 [gnoll/+0 halberd (3)]
  3033 | D:4      | Slain by a gnoll

Levels and vault maps discovered:
D:1:      onia_arrival_zoo_common, layout_basic, serial_shops,
          nicolae_shop_overgrown_old_shop
D:2:      layout_basic
D:3:      layout_loops_ring, mainiacjoe_overflow_concentric_impassable,
          serial_glass, glass_columns_a, glass_columns_a, glass_columns_c,
          glass_columns_c, uniq_crazy_yiuf_cottage
D:4:      layout_gridville, chequers_temple_overflow_statue_of_worship,
          serial_shops, nicolae_take_the_stairs

Skill      XL: |  1  2  3  4  5 |
---------------+----------------+-----
Axes           | 2 3 4 5 |  5.8
Fighting       | |  3.6
Armour         | |  3.2
Shields        | |  3.2

Action                     |  1- 3 |  4- 6 || total
---------------------------+-------+-------++-------
  Melee: War axe           |   137 |   135 ||   272
  Throw: Javelin           |       |     3 ||     3
    Use: Scroll            |     3 |     6 ||     9
         Potion            |       |     1 ||     1
 Armour: Scale mail        |    60 |    32 ||    92
         Chain mail        |       |    66 ||    66
  Dodge: Dodged            |    70 |    69 ||   139
  Block: Buckler           |    23 |    28 ||    51

Table legend:
 A = Non-vault XP
 B = Vault XP
 C = Vault XP percentage of total XP
 D = Non-vault monster count
 E = Vault monster count
 F = Vault count percentage of total count
                 A         B        C        D         E       F
            +---------+---------+-------+---------+---------+-------
      Total |     450 |       0 |   0.0 |      82 |       0 |   0.0
            +---------+---------+-------+---------+---------+-------
        D:1 |      50 |       0 |   0.0 |      32 |       0 |   0.0
        D:2 |     141 |       0 |   0.0 |      25 |       0 |   0.0
        D:3 |      61 |       0 |   0.0 |      19 |       0 |   0.0
        D:4 |       9 |       0 |   0.0 |       5 |       0 |   0.0
    Abyss:1 |     189 |       0 |   0.0 |       1 |       0 |   0.0
            +---------+---------+-------+---------+---------+-------
